 Dungeon Crawl Stone Soup version 0.28.0-1-gb440e238dd (webtiles) character file.

Game seed: 6990684383121488487

13004 hikkokomori the Geomancer (level 12, -10/77 HPs)
             Began as a Gargoyle Earth Elementalist on Feb 26, 2022.
             Was a Priest of Vehumet.
             Mangled by a boulder beetle (17 damage)
             ... on level 12 of the Dungeon.
             The game lasted 00:41:22 (15010 turns).

hikkokomori the Geomancer (GrEE)                   Turns: 15010, Time: 00:41:22

Health: -10/77     AC: 16    Str: 14    XL:     12   Next: 1%
Magic:  12/21      EV: 11    Int: 19    God:    Vehumet [***...]
Gold:   397        SH:  5    Dex: 16    Spells: 9/23 levels left

rFire   + . .      SeeInvis +   N - +1 whip (elec)
rCold   . . .      Faith    .   (no shield)
rNeg    + . .      Spirit   .   q - +2 leather armour "Huqyumu" {Will+ SInv}
rPois   ∞          Reflect  +   A - +0 helmet
rElec   +          Harm     .   T - +0 cloak
rCorr   .          Rampage  .   (no gloves)
Will    +....                   v - +0 pair of boots
Stlth   +++.......              G - amulet of reflection
HPRegen 0.22/turn               g - +6 ring of dexterity
MPRegen 0.17/turn               X - ring of protection from fire

@: no status effects
A: sickness immunity, AC +8, negative energy resistance 1, electricity
resistance, torment resistance 1, petrification resistance
a: Renounce Religion


You were on level 12 of the Dungeon.
You worshipped Vehumet.
Vehumet was most pleased with you.
You visited 2 branches of the dungeon, and saw 12 of its levels.

You collected 493 gold pieces.
You spent 96 gold pieces at shops.

Inventory:

Hand Weapons
 C - a +1 mace of protection
 L - a +0 falchion of electrocution
 N - a +1 whip of electrocution (weapon)
 Y - a +3 dagger of distortion
Missiles
 a - a throwing net
 l - 14 curare-tipped darts
 u - 128 stones
 E - 4 atropa-tipped darts
Armour
 k - a scarf of harm
 q - the +2 leather armour "Huqyumu" (worn) {Will+ SInv}
   (You found it on level 4 of the Dungeon)

   SInv:      It lets you see invisible.
   Will:      It increases your willpower.
 v - a +0 pair of boots (worn)
 A - a +0 helmet (worn)
 D - the +5 chain mail of the Amoeba {Contam rF++ Dex+5}
   (You found it on level 7 of the Dungeon)

   Dex:       It affects your dexterity (+5).
   rF:        It greatly protects you from fire.
   Contam:    It causes magical contamination when unequipped.
 I - an orb of energy
 T - a +0 cloak (worn)
Magical Staves
 t - a staff of conjuration
Jewellery
 b - a ring of willpower
 g - a +6 ring of dexterity (left hand)
 p - the ring of Zyfrofedd {rPois rF+ AC+4 Str+3}
   (You found it on level 10 of the Dungeon)

   [ring of protection]

   AC:        It affects your AC (+4).
   Str:       It affects your strength (+3).
   rF:        It protects you from fire.
   rPois:     It protects you from poison.
 w - a ring of resist corrosion
 z - a ring of see invisible
 G - an amulet of reflection (around neck)
 X - a ring of protection from fire (right hand)
Wands
 c - a wand of flame (22)
 m - a wand of iceblast (4)
 x - a wand of paralysis (3)
 y - a wand of charming (9)
 R - a wand of acid (3)
Scrolls
 e - 2 scrolls of enchant armour
 f - 3 scrolls of enchant weapon
 h - a scroll of amnesia {unknown}
 i - 2 scrolls of magic mapping
 n - a scroll of fear
 o - 2 scrolls of teleportation
 B - a scroll of summoning {unknown}
 K - a scroll of blinking
 M - 5 scrolls of identify
 O - a scroll of silence {unknown}
 P - a scroll of fog {unknown}
 U - a scroll of vulnerability {unknown}
 V - a scroll of brand weapon {unknown}
 Z - a scroll of torment {unknown}
Potions
 d - 4 potions of curing
 j - a potion of magic
 r - a potion of flight {unknown}
 s - 3 potions of haste {unknown}
 F - 3 potions of heal wounds {unknown}
 H - 3 potions of attraction {unknown}
 J - a potion of mutation {unknown}
 Q - a potion of invisibility {unknown}
 S - a potion of might {unknown}
Miscellaneous
 W - a condenser vane (inert)


   Skills:
 - Level 10.3 Fighting
 + Level 4.8 Maces & Flails
 + Level 0.0 Armour
 - Level 1.5 Dodging
 - Level 6.1 Stealth
 - Level 6.3 Spellcasting
 - Level 7.4 Conjurations
 - Level 4.8 Translocations
 - Level 0.7 Transmutations
 + Level 11.8 Earth Magic
 + Level 3.3 Evocations


You had 9 spell levels left.
You knew the following spells:

 Your Spells              Type           Power      Damage    Failure   Level
a - Sandblast             Erth           100%       2d20      1%          1
b - Passwall              Tmut/Erth      24%        N/A       1%          2
c - Stone Arrow           Conj/Erth      84%        3d12      1%          3
d - Teleport Other        Tloc           24%        N/A       5%          3
e - Magic Dart            Conj           100%       1d8       1%          1
f - Sticky Flame          Conj/Fire      20%        2d4       9%          4

Your spell library contained the following spells:

 Spells                   Type           Power      Damage    Failure   Level
 Dazzling Flash           Conj/Hex       40%        N/A       2%          3
 Gell's Gravitas          Tloc           24%        N/A       5%          3
 Petrify                  Tmut/Erth      29%        N/A       11%         4
 Tukima's Dance           Hex            5%         N/A       38%         3
 Anguish                  Hex/Necr       2%         N/A       80%         4
 Dispersal                Tloc           12%        N/A       96%         6
 Agony                    Necr           5%         N/A       98%         5
 Silence                  Hex/Air        2%         N/A       98%         5
 Enfeeble                 Hex            2%         N/A       100%        7


Dungeon Overview and Level Annotations

Branches:
Dungeon (10/15)            Temple (1/1) D:5            Lair (0/6) D:9
    Orc (0/2) D:10

Altars:
Ashenzari
Cheibriados
Dithmenos
Elyvilon
Fedhas
Gozag
Hepliaklqana
Kikubaaqudgha
Makhleb
Nemelex Xobeh
Okawaru
Qazlal
Ru
Sif Muna
Trog
Uskayaw
Vehumet
Wu Jian
Xom
Yredelemnul
Zin
The Shining One

Shops:
D:2 ?   D:3 *   D:10 [

Annotations:
D:6 2 runed translucent doors
D:9 2 transporters, 6ean6oy3's ghost, novice MiBe
D:10 1 runed translucent door


Innate Abilities, Weirdness & Mutations

You are immune to sickness and miasma.
Your stone body is resilient. (AC +8)
You are immune to poison.
You resist negative energy. (rN+)
You are resistant to electric shocks. (rElec)
You are resistant to unholy torment.
You are immune to petrification.


Message History

There is an open door here.
A wyvern comes into view.
A centaur warrior comes into view.
A sourceless malevolence fills the Dungeon...
You fall into a shaft and drop 2 floors!
The shaft crumbles and collapses.
A boulder beetle comes into view.
Okay, then.
The boulder beetle curls into a ball and begins rolling!
Blink to where?
Press: ? - help, Dir - move target
As you read the scroll labelled LAXOKHLOFIO, it crumbles to dust.
It was a scroll of blinking.
Casting: Stone Arrow (safe; 1% risk of failure)
Confirm with . or Enter, or press ? or * to list all spells.
Aiming: Teleport Other (dangerous; 5% risk of failure)
Press: ? - help, Shift-Dir - straight line, f - boulder beetle
Aim: a boulder beetle (rolling, chance to affect: 47%)
The boulder beetle looks slightly unstable.
The boulder beetle hits you!!!
Ouch! That really hurt!
* * * LOW HITPOINT WARNING * * *
The boulder beetle stops rolling and uncurls.
You hear a shout!
Casting: Teleport Other (dangerous; 5% risk of failure)
Confirm with . or Enter, or press ? or * to list all spells.
Aiming: Teleport Other (dangerous; 5% risk of failure)
Press: ? - help, Shift-Dir - straight line, f/p - boulder beetle
Aim: a boulder beetle (chance to affect: 47%)
The boulder beetle resists with some effort.
The boulder beetle bites you!
* * * LOW HITPOINT WARNING * * *
Unknown command.
Casting: Teleport Other (dangerous; 5% risk of failure)
Confirm with . or Enter, or press ? or * to list all spells.
Aiming: Teleport Other (dangerous; 5% risk of failure)
Press: ? - help, Shift-Dir - straight line, f/p - boulder beetle
Aim: a boulder beetle (chance to affect: 47%)
The boulder beetle seems more stable.
The boulder beetle bites you!
You die...

# .........#
#.#######.......#
.#........°......#
........#°.......#
........#○.......#
#..........#
#.#.....§..#
#B#........#
#@#........#
#.#.######## #.#.
#.. #.. #... #...
#.###


You could see a boulder beetle.

Vanquished Creatures
  2 two-headed ogres
  Sonja (D:10)
  2 orc knights (D:10)
  Pikel (D:7)
  Maurice (D:9)
  Psyche (D:10)
  3 trolls
  A slime creature (D:10)
  2 meliai zombies
  8 yaks
  3 basilisks (D:9)
  A wyvern (D:9)
  2 steam dragons
  4 wargs (D:10)
  An acid dragon (D:10)
  6 water moccasins
  2 ice beasts (D:7)
  A meliai simulacrum (D:10)
  4 orc warriors
  3 black bears
  A sky beast (D:5)
  A hornet zombie (D:5)
  A wolf (D:9)
  2 necrophages
  6 ogres
  11 centaurs
  3 phantoms
  A lemure (D:7)
  6 kobold brigands
  A bullfrog (D:9)
  A wyvern zombie (D:5)
  A gnoll sergeant (D:6)
  A scorpion (D:5)
  8 killer bees
  A howler monkey (D:9)
  A crimson imp (D:4)
  A centaur zombie (D:6)
  A bullfrog zombie (D:5)
  2 bullfrog skeletons
  2 gnoll shamans
  3 orc priests
  8 orc wizards
  5 iguanas
  A killer bee zombie (D:8)
  A hound skeleton (D:4)
  3 howler monkey zombies
  11 adders
  17 gnolls
  An ufetubus (D:5)
  3 worms
  3 dart slugs
  33 orcs
  7 endoplasms
  2 giant cockroaches (D:3)
  8 goblins
  5 hobgoblins
  2 jackals (D:5)
  5 quokkas
  8 ball pythons
  7 bats
  6 frilled lizards
  25 kobolds
  6 rats
271 creatures vanquished.

Vanquished Creatures (others)
  3 fungi (D:9)
  23 plants
26 creatures vanquished.

Grand Total: 297 creatures vanquished

Notes
Turn   | Place    | Note
-------+----------+-------------------------------------------
     0 | D:1      | hikkokomori the Gargoyle Earth Elementalist began the quest
                  | for the Orb.
     0 | D:1      | Reached XP level 1. HP: 10/10 MP: 3/3
   519 | D:1      | Reached XP level 2. HP: 16/16 MP: 3/5
   598 | D:1      | Reached skill level 1 in Fighting
   630 | D:1      | Reached skill level 4 in Earth Magic
   905 | D:1      | Reached XP level 3. HP: 20/20 MP: 6/6
  1952 | D:2      | Found Coream's Magic Scroll Shoppe.
  1958 | D:2      | Bought a scroll of magic mapping for 38 gold pieces
  1958 | D:2      | Bought a scroll of identify for 22 gold pieces
  2345 | D:2      | Reached XP level 4. HP: 26/26 MP: 6/8
  2718 | D:3      | Found Jeutayh's General Store.
  2756 | D:3      | Bought 6 curare-tipped darts for 36 gold pieces
  3122 | D:3      | Reached XP level 5. HP: 23/31 MP: 6/9
  3305 | D:3      | Found a faded altar of an unknown god.
  3585 | D:4      | Noticed a necrophage
  3594 | D:4      | Killed a necrophage
  3595 | D:4      | Reached skill level 5 in Earth Magic
  3595 | D:4      | Reached XP level 6. HP: 37/37 MP: 7/11
  3657 | D:4      | Identified the +2 leather armour "Huqyumu" {Will+ SInv}
  3678 | D:4      | Learned a level 2 spell: Passwall
  3682 | D:4      | Learned a level 3 spell: Stone Arrow
  3686 | D:4      | Learned a level 3 spell: Teleport Other
  3930 | D:4      | Noticed a yak
  3933 | D:4      | Noticed a yak
  3934 | D:4      | Noticed a yak
  3936 | D:4      | Noticed a yak
  3958 | D:4      | Noticed a yak
  3962 | D:5      | Entered Level 5 of the Dungeon
  3965 | D:5      | Killed a yak
  3966 | D:5      | Reached XP level 7. HP: 6/43 MP: 0/13
  4029 | D:4      | Reached skill level 6 in Earth Magic
  4358 | D:4      | Reached skill level 5 in Stealth
  4814 | D:4      | Killed a yak
  4815 | D:4      | Reached XP level 8. HP: 48/48 MP: 14/14
  4819 | D:4      | Killed a yak
  4869 | D:4      | Killed a yak
  4870 | D:4      | Reached skill level 5 in Fighting
  4882 | D:4      | Killed a yak
  4883 | D:4      | Reached skill level 5 in Spellcasting
  4883 | D:4      | Reached skill level 7 in Earth Magic
  5128 | D:4      | Found a radiant altar of Vehumet.
  5128 | D:4      | Found a burning altar of Makhleb.
  5186 | D:5      | Reached skill level 1 in Conjurations
  5292 | D:5      | Found a staircase to the Ecumenical Temple.
  5309 | Temple   | Entered the Ecumenical Temple
  5571 | D:4      | Became a worshipper of Vehumet
  6189 | D:5      | Reached XP level 9. HP: 55/55 MP: 13/17
  6398 | D:5      | Reached skill level 8 in Earth Magic
  6432 | D:5      | HP: 2/56 [wyvern zombie (10)]
  7608 | D:6      | Reached * piety under Vehumet
  7608 | D:6      | Offered knowledge of Magic Dart by Vehumet.
  7612 | D:6      | Learned a level 1 spell: Magic Dart
  8210 | D:6      | Found a runed translucent door.
  8212 | D:6      | Found a runed translucent door.
  8249 | D:6      | Reached skill level 1 in Translocations
  8811 | D:7      | Reached skill level 9 in Earth Magic
  8812 | D:7      | Identified the +5 chain mail of the Amoeba {Contam rF++
                  | Dex+5}
  8819 | D:7      | Reached skill level 5 in Conjurations
  8819 | D:7      | Reached XP level 10. HP: 39/63 MP: 1/19
  9206 | D:7      | Noticed Pikel
  9219 | D:7      | Killed Pikel
  9647 | D:7      | Found an opulent altar of Gozag.
  9894 | D:8      | Noticed a two-headed ogre
  9899 | D:8      | Killed a two-headed ogre
 10137 | D:8      | Reached skill level 10 in Earth Magic
 10142 | D:8      | Reached ** piety under Vehumet
 10149 | D:8      | Offered knowledge of Foxfire by Vehumet.
 11248 | D:9      | Noticed 6ean6oy3's ghost (novice MiBe)
 11284 | D:9      | Reached skill level 1 in Maces & Flails
 11390 | D:9      | Found a transporter.
 11557 | D:9      | Noticed Maurice
 11875 | D:9      | Killed Maurice
 11876 | D:9      | Reached XP level 11. HP: 71/71 MP: 2/20
 12285 | D:9      | Found a staircase to the Lair.
 12367 | D:9      | Offered knowledge of Conjure Flame by Vehumet.
 12634 | D:9      | Found a transporter.
 12646 | D:9      | Found a glowing golden altar of the Shining One.
 12973 | D:10     | Entered Level 10 of the Dungeon
 12973 | D:10     | Found an ancient bone altar of Kikubaaqudgha.
 12986 | D:10     | Found a shimmering altar of Xom.
 13024 | D:10     | Found a staircase to the Orcish Mines.
 13048 | D:10     | Reached *** piety under Vehumet
 13327 | D:10     | Noticed Sonja
 13362 | D:10     | Noticed Psyche
 13370 | D:10     | Killed Psyche
 13371 | D:10     | Reached skill level 11 in Earth Magic
 13371 | D:10     | Reached skill level 1 in Evocations
 13550 | D:10     | Found Xinaumih's Antique Armour Boutique.
 13582 | D:10     | Killed Sonja
 13635 | D:10     | Found a runed translucent door.
 13802 | D:10     | Offered knowledge of Sticky Flame by Vehumet.
 13814 | D:10     | Learned a level 4 spell: Sticky Flame
 14056 | D:10     | Found a glowing silver altar of Zin.
 14114 | D:10     | Identified the ring of Zyfrofedd {rPois rF+ AC+4 Str+3}
 14129 | D:10     | Noticed a boulder beetle
 14309 | D:10     | Found a runed translucent door.
 14564 | D:10     | Noticed an orc knight
 14573 | D:10     | Killed an orc knight
 14590 | D:10     | Reached skill level 10 in Fighting
 14701 | D:10     | Noticed an orc knight
 14784 | D:10     | Killed an orc knight
 14885 | D:10     | Noticed a two-headed ogre
 14891 | D:10     | Killed a two-headed ogre
 14892 | D:10     | Reached XP level 12. HP: 71/77 MP: 9/21
 14993 | D:10     | Noticed a two-headed ogre
 15001 | D:10     | Noticed a centaur warrior
 15001 | D:10     | You fall into a shaft and drop 2 floors!
 15001 | D:12     | Noticed a boulder beetle
 15010 | D:12     | Mangled by a boulder beetle

Illustrated notes

Levels and vault maps discovered:
D:1:      grunt_arrival_lava_bath, layout_loops_ring
D:2:      layout_loops_ring, serial_shops, shop_fountains, st_stairs_1
D:3:      layout_rooms, basic_ecumenical_altar, serial_shops, shop
D:4:      layout_basic, grunt_temple_overflow_lords_of_destruction
D:5:      cheibrodos_barr_body, layout_cave_pools, minmay_temple_entry_tees,
          minmay_misc_feat_rows
D:6:      lemuel_insect_pit, layout_cave_pools, hangedman_decor_opposing,
          lemuel_flame_loot_1
D:7:      layout_loops_ring, nicolae_gozag_cash_rules_everything_around_me,
          uniq_pikel
D:8:      layout_layer_cave
D:9:      layout_loops_corners, mainiacjoe_overflow_alcove_4,
          minmay_lair_entry_grove, gammafunk_ghost_stat_death, uniq_maurice
D:10:     cheibrodos_histonic, layout_irregular_city,
          mainiacjoe_overflow_catwalk_spiral,
          mainiacjoe_overflow_six_doors_small, minmay_orc_entry_guard_dogs,
          serial_bayou, serial_bayou_pond_d, serial_bayou_shore_b,
          serial_bayou_shore_b, serial_bayou_pond_d, serial_bayou_pond_c,
          serial_shops, nicolae_take_the_stairs, lightli_corner_chamber,
          uniq_sonja, uniq_psyche
D:12:     minmay_inside_and_out, layout_basic, uniq_fannar
Temple:   regret_index_temple_generic_petals

Skill      XL: |  1  2  3  4  5  6  7  8  9 10 11 |
---------------+----------------------------------+-----
Fighting       | 1 2 3 4 5 7 9 10 | 10.3
Earth Magic    | 4 5 6 7 9 10 11 | 11.8
Spellcasting   | 3 4 5 6 |  6.3
Stealth        | 3 4 5 6 |  6.1
Conjurations   | 2 5 7 |  7.4
Translocations | 1 4 |  4.8
Maces & Flails | 1 4 |  4.8
Evocations     | 3 |  3.3
Dodging        | |  1.5
Transmutations | |  0.7

Action                   |  1- 3 |  4- 6 |  7- 9 | 10-12 || total
-------------------------+-------+-------+-------+-------++-------
Melee: Unarmed           |    22 |       |       |       ||    22
       Short sword       |    93 |    64 |     7 |       ||   164
       Punch             |     1 |       |     4 |     5 ||    10
       Dagger            |       |    36 |   230 |       ||   266
       Mace              |       |       |     6 |    55 ||    61
       Falchion          |       |       |       |    47 ||    47
       Whip              |       |       |       |   192 ||   192
Throw: Dart              |       |       |       |     2 ||     2
       Throwing net      |       |       |       |     2 ||     2
 Cast: Sandblast         |    18 |    41 |    25 |    17 ||   101
       Stone Arrow       |       |       |    76 |   126 ||   202
       Magic Dart        |       |       |       |     5 ||     5
       Teleport Other    |       |       |       |     3 ||     3
Evoke: Wand              |       |     1 |     6 |     4 ||    11
       Condenser vane    |       |       |       |     1 ||     1
  Use: Scroll            |     4 |     4 |       |     1 ||     9
       Potion            |       |       |     1 |       ||     1
 Stab: Sleeping          |     5 |     4 |     3 |     2 ||    14
Armor: Robe              |    45 |    31 |       |       ||    76
       Leather armour    |       |    13 |   119 |   187 ||   319
Dodge: Dodged            |    74 |    73 |   168 |   183 ||   498
Block: Other             |       |       |       |    97 ||    97
       Reflection        |       |       |       |     6 ||     6
